 Dungeon Crawl Stone Soup version 0.30-a0-715-gdb4ae3ece1 (webtiles) character file.

Game seed: 16873645393646356226

4555 mopl the Covert (level 10, -2/60 HPs)
             Began as an Octopode Brigand on Jan 23, 2023.
             Was an Elder of Dithmenos.
             Slain by an orc warrior
             ... wielding a +0 battleaxe
              (19 damage)
             ... in a bailey.
             The game lasted 00:15:02 (6546 turns).

mopl the Covert (Octopode Brigand)                  Turns: 6546, Time: 00:15:03

Health: -2/60      AC:  1    Str: 20    XL:     10   Next: 40%
Magic:  3/14       EV: 18    Int: 28    God:    Dithmenos [****..]
Gold:   189        SH:  7    Dex: 27    Spells: 8/11 levels left

rFire   . . .      SeeInvis .    a - +9 dagger of the Arena {flame, Str-2 Int+5}
rCold   . . .      Faith    .    p - +0 buckler
rNeg    . . .      Spirit   .    (helmet restricted)
rPois   .          Reflect  .    U - amulet of the acrobat
rElec   .          Harm     .    h - +6 ring of dexterity
rCorr   .          Rampage  .    q - +6 ring of intelligence
Will    .....                    s - +6 ring of dexterity
Stlth   +++++++++                z - +6 ring of strength
HPRegen 0.30/turn                O - +5 ring of evasion
MPRegen 0.14/turn                T - +6 ring of strength
                                 (no ring)
                                 (no ring)

@: wreathed by umbra, invisible
A: almost no armour, amphibious, 8 rings, camouflage 1, gelatinous body 1,
(nimble swimmer 1), tentacles
a: Renounce Religion, Shadow Step


You were in a bailey.
You worshipped Dithmenos.
Dithmenos was greatly pleased with you.
You visited 2 branches of the dungeon, and saw 9 of its levels.
You also visited: Ossuary and Bailey.

You collected 539 gold pieces.
You spent 350 gold pieces at shops.

Inventory:

Hand Weapons
 a - the +9 dagger of the Arena (weapon) {flame, Str-2 Int+5}
   (You found it on level 5 of the Dungeon)

   Str:       It affects your strength (-2).
   Int:       It affects your intelligence (+5).
 b - the +3 dagger "Nanukuul" {vamp, Fly Will++ Str-4 Int+3}
   (You found it on level 5 of the Dungeon)

   Str:       It affects your strength (-4).
   Int:       It affects your intelligence (+3).
   Fly:       It grants you flight.
   Will:      It greatly increases your willpower.
 m - a +2 short sword of draining
 S - a +2 long sword of protection
Missiles
 c - 3 curare-tipped darts
 D - 11 boomerangs
 H - 22 poisoned darts (quivered)
Armour
 p - a +0 buckler (worn)
Magical Staves
 w - a staff of fire
 Q - a staff of cold
Jewellery
 h - a +6 ring of dexterity (left tentacle)
 q - a +6 ring of intelligence (right tentacle)
 s - a +6 ring of dexterity (on tentacle)
 z - a +6 ring of strength (on tentacle)
 O - a +5 ring of evasion (on tentacle)
 T - a +6 ring of strength (on tentacle)
 U - an amulet of the acrobat (around mantle)
Wands
 l - a wand of mindburst (24)
 t - a wand of polymorph (16)
 y - a wand of iceblast (3)
 G - a wand of flame (6)
 R - a wand of digging (7)
Scrolls
 d - 2 scrolls of noise {unknown}
 f - 8 scrolls of enchant armour {unknown}
 g - a scroll of magic mapping {unknown}
 i - 4 scrolls of fear {unknown}
 n - 3 scrolls of poison {unknown}
 u - a scroll of amnesia {unknown}
 v - 3 scrolls of fog {unknown}
 A - a scroll of acquirement {unknown}
 E - a scroll of immolation
 F - 3 scrolls of teleportation {unknown}
 I - a scroll of enchant weapon
 J - a scroll of torment {!r}
 L - a scroll of vulnerability
 P - 2 scrolls of identify
Potions
 e - 2 potions of mutation {!q}
 j - 9 potions of curing
 k - a potion of invisibility
 o - 3 potions of brilliance
 r - a potion of heal wounds
 x - 2 potions of haste
 B - a potion of ambrosia
 C - a potion of lignification {!q}
 K - 4 potions of flight
 M - 2 potions of cancellation
 N - 2 potions of might


   Skills:
 - Level 2.0 Fighting
 + Level 6.3 Short Blades
 + Level 6.5 Throwing
 - Level 1.0 Dodging
 + Level 10.4 Stealth
 - Level 4.0 Shields
 - Level 1.0 Spellcasting
 - Level 3.0 Conjurations
 + Level 5.3 Hexes
 + Level 6.1 Invocations
 + Level 3.6 Evocations


You had 8 spell levels left.
You knew the following spells:

 Your Spells              Type           Power      Damage    Failure   Level
f - Dazzling Flash        Conj/Hex       48%        N/A       7%          3

Your spell library contained the following spells:

 Spells                   Type           Power      Damage    Failure   Level
 Beastly Appendage        Tmut           2%         N/A       13%         1
 Necrotise                Necr           4%         1d4       13%         1
 Summon Guardian Golem    Hex/Summ       16%        N/A       13%         3
 Wereblood                Tmut           1%         N/A       19%         2
 Spider Form              Tmut/Pois      1%         N/A       36%         3
 Vampiric Draining        Necr           1%         2d6       36%         3
 Olgreb's Toxic Radiance  Pois           1%         N/A       77%         4
 Silence                  Hex/Air        8%         N/A       77%         5
 Agony                    Necr           1%         N/A       98%         5
 Orb of Destruction       Conj           9%         9d6       100%        7
 Ozocubu's Refrigeration  Ice            0%         4d7       100%        7
 Spellforged Servitor     Conj/Summ      4%         N/A       100%        7
 Ignition                 Fire           0%         3d3       100%        8


Dungeon Overview and Level Annotations

Branches:
Dungeon (8/15)             Temple (1/1) D:4         Ossuary (visited)
 Bailey (1/1)
   Lair: D:8-11

Altars:
Ashenzari
Dithmenos
Elyvilon
Gozag
Qazlal
Ru
Sif Muna
Uskayaw
Vehumet
Yredelemnul

Shops:
D:6 !


Innate Abilities, Weirdness & Mutations

You cannot wear most types of armour.
You are amphibious.
You can wear up to eight rings at the same time.
Your skin changes colour to match your surroundings (Stealth+).
Your rubbery body absorbs attacks. (AC +1, EV +1)
((You are camouflaged when in or above water. (Stealth+)))
You have tentacles for arms and can constrict up to eight enemies at once.


Message History

Your shadow now sometimes tangibly mimics your actions.
The kobold brigand is no longer blind.
The kobold brigand barely misses you. The kobold completely misses you.
Your life force feels restored.
You hit the orc warrior. You burn the orc warrior. You grab the orc warrior.
You squeeze the orc warrior!
The orc warrior is severely wounded.
You constrict the orc warrior, but do no damage.
The orc warrior is no longer blind.
You block the orc warrior's attack. The kobold brigand closely misses you.
You hit the orc warrior. You burn the orc warrior. You grab the orc warrior.
The orc warrior is lightly wounded.
You constrict the orc warrior, but do no damage. x2
The kobold closely misses you. The orc warrior completely misses you.
The orc warrior struggles to escape constriction.
You block the kobold brigand's attack.
You hit the orc warrior but do no damage.
You squeeze the orc warrior.
The orc warrior is moderately wounded.
You constrict the orc warrior. x2; The kobold misses you.
The orc warrior hits you with a +0 war axe!
* * * LOW HITPOINT WARNING * * *
Unknown command.
You hit the orc warrior but do no damage.
You squeeze the orc warrior, but do no damage.
The orc warrior is moderately wounded.
You constrict the orc warrior, but do no damage.
You constrict the orc warrior. The kobold brigand closely misses you.
You block the kobold's attack.
Unknown command.
You strike the helpless kobold brigand from behind!
You spit the kobold brigand like a pig!!!
You burn the kobold brigand.
You kill the kobold brigand!
Dithmenos accepts your kill.
You constrict the orc warrior.
You constrict the orc warrior, but do no damage.
The kobold is no longer blind.
The orc warrior hits you with a +0 battleaxe!!
You die...

#...# #...# #...#
####...####
##~.......~##
###~~....(..~~##
...~~.......~~...
###~~...(...~~###
...~~.()@K..~~..
###~~..)oo..~~###
...~~.......~~..
###~~.......~~##
..~~.......~~..
###~~.......~~##
..~~.......~~..
##~~.......~~##


You could see 2 orc warriors and a kobold (unable to see you).

Vanquished Creatures
  Maurice (D:8)
  Joseph (D:8)
  A shadow (D:8)
  A wyvern (D:7)
  Edmund (D:5)
  A water moccasin (D:8)
  2 ice beasts (D:7)
  A sky beast (D:8)
  5 ogres
  A black bear (D:5)
  2 orc warriors
  2 centaurs
  A phantom (D:6)
  4 kobold brigands
  Blork the orc (D:5)
  3 bullfrogs
  2 necrophages (D:6)
  2 scorpions
  A water moccasin zombie (Ossuary)
  5 wights
  2 bullfrog zombies (Ossuary)
  2 centaur zombies (Ossuary)
  7 orc priests
  10 hounds
  4 iguanas (D:5)
  9 orc wizards
  A scorpion zombie (Ossuary)
  5 adders
  2 white imps
  3 adder zombies (Ossuary)
  3 dart slugs (D:1)
  22 orcs
  12 ball pythons
  8 endoplasms
  A giant cockroach (D:1)
  8 goblins
  10 hobgoblins
  6 jackals
  6 quokkas
  5 bats
  A frilled lizard (D:1)
  5 gnoll zombies (Ossuary)
  4 goblin zombies (Ossuary)
  2 hobgoblin zombies (Ossuary)
  19 kobolds
  3 orc zombies (Ossuary)
  5 rats
203 creatures vanquished.

Vanquished Creatures (others)
  An orc (D:7)
1 creature vanquished.

Grand Total: 204 creatures vanquished

Notes
Turn   | Place    | Note
-------+----------+-------------------------------------------
     0 | D:1      | mopl the Octopode Brigand began the quest for the Orb.
     0 | D:1      | Reached XP level 1. HP: 14/14 MP: 1/1
    30 | D:1      | Reached XP level 2. HP: 11/19 MP: 2/2
   298 | D:1      | Reached XP level 3. HP: 24/24 MP: 3/3
   599 | D:1      | Reached skill level 6 in Stealth
   797 | D:2      | Found a faded altar of an unknown god.
  1611 | D:3      | Reached XP level 4. HP: 23/29 MP: 4/4
  1729 | D:3      | Reached skill level 3 in Short Blades
  1797 | D:3      | Reached skill level 3 in Throwing
  2101 | D:4      | Found a staircase to the Ecumenical Temple.
  2154 | Temple   | Entered the Ecumenical Temple
  2325 | Temple   | Became a worshipper of Dithmenos the Shadowed
  2474 | D:4      | Noticed a scorpion
  2506 | D:4      | Killed a scorpion
  2507 | D:4      | Reached skill level 1 in Spellcasting
  2507 | D:4      | Reached skill level 1 in Invocations
  2507 | D:4      | Reached XP level 5. HP: 34/34 MP: 6/6
  2511 | D:4      | Learned a level 3 spell: Dazzling Flash
  2658 | D:4      | Reached XP level 6. HP: 39/39 MP: 7/7
  2697 | D:4      | Identified the +9 dagger of Vicangeo {heavy, Int+2 Dex+3}
  2863 | D:5      | Entered Level 5 of the Dungeon
  2869 | D:5      | Reached skill level 7 in Stealth
  2869 | D:5      | Reached skill level 1 in Conjurations
  2869 | D:5      | Reached skill level 1 in Hexes
  2879 | D:5      | Reached skill level 2 in Invocations
  2919 | D:5      | Reached XP level 7. HP: 45/45 MP: 8/8
  2987 | D:5      | Reached skill level 4 in Throwing
  2989 | D:5      | Reached * piety under Dithmenos
  3068 | D:5      | Noticed Edmund
  3108 | D:5      | Killed Edmund
  3109 | D:5      | Reached skill level 4 in Short Blades
  3109 | D:5      | Reached skill level 2 in Conjurations
  3109 | D:5      | Reached skill level 2 in Hexes
  3240 | D:5      | Identified the +3 dagger "Nanukuul" {vamp, Fly Will++ Str-4
                  | Int+3}
  3355 | D:5      | Identified the +9 dagger of the Arena {flame, Str-2 Int+5}
  3378 | D:5      | Noticed Blork the orc
  3385 | D:5      | Killed Blork the orc
  3386 | D:5      | Reached skill level 3 in Invocations
  3451 | D:5      | Noticed a wyvern
  3452 | D:5      | Noticed a wyvern
  3613 | D:5      | Reached XP level 8. HP: 50/50 MP: 10/10
  3622 | D:5      | Reached skill level 8 in Stealth
  4077 | D:6      | Found Puurud's Distillery.
  4083 | D:6      | Reached skill level 3 in Conjurations
  4085 | D:6      | Reached skill level 3 in Hexes
  4124 | D:6      | Reached skill level 1 in Shields
  4141 | D:6      | Found a sand-covered staircase.
  4148 | Ossuary  | Entered an ossuary
  4172 | Ossuary  | Reached ** piety under Dithmenos
  4180 | Ossuary  | Reached skill level 5 in Throwing
  4198 | Ossuary  | Reached skill level 4 in Invocations
  4374 | Ossuary  | Noticed a silent spectre
  4378 | Ossuary  | Reached skill level 5 in Short Blades
  4495 | D:6      | Bought a potion of curing for 42 gold pieces
  4495 | D:6      | Bought a potion of attraction for 42 gold pieces
  4495 | D:6      | Bought a potion of flight for 42 gold pieces
  4495 | D:6      | Bought a potion of cancellation for 112 gold pieces
  4495 | D:6      | Bought 2 potions of might for 112 gold pieces
  4681 | D:6      | Reached skill level 2 in Shields
  4681 | D:6      | Reached XP level 9. HP: 54/54 MP: 12/12
  4765 | D:6      | Reached skill level 9 in Stealth
  5114 | D:7      | Reached skill level 4 in Hexes
  5164 | D:7      | Reached skill level 1 in Evocations
  5249 | D:7      | Reached skill level 5 in Invocations
  5254 | D:7      | Reached skill level 3 in Shields
  5404 | D:7      | Reached skill level 2 in Evocations
  5412 | D:7      | Reached *** piety under Dithmenos
  6063 | D:8      | Noticed Maurice
  6067 | D:8      | Killed Maurice
  6068 | D:8      | Reached skill level 6 in Throwing
  6075 | D:8      | Reached skill level 10 in Stealth
  6075 | D:8      | Reached XP level 10. HP: 43/60 MP: 12/14
  6212 | D:8      | Reached skill level 6 in Short Blades
  6238 | D:8      | Reached skill level 5 in Hexes
  6238 | D:8      | Reached skill level 3 in Evocations
  6267 | D:8      | Noticed Joseph
  6271 | D:8      | Killed Joseph
  6339 | D:8      | Reached skill level 4 in Shields
  6431 | D:8      | Reached skill level 6 in Invocations
  6437 | D:8      | Found a flagged portal.
  6456 | Bailey   | Entered a bailey
  6541 | Bailey   | Reached **** piety under Dithmenos
  6546 | Bailey   | Slain by an orc warrior

Illustrated notes

Levels and vault maps discovered:
D:1:      tarquinn_simple_flora_water_d, layout_basic
D:2:      layout_loops_ring, hellmonk_ecumenical_altar_lost_god
D:3:      layout_rooms, chequers_decorated_corner, kennysheep_small_spiral,
          minmay_misc_feat_tiny, minmay_liquid_box, kennysheep_big_empty_room,
          corner_web_ring, hangedman_abyss_or_decor_lesser_grid
D:4:      kennysheep_spiral_hall, layout_rooms, minmay_temple_entry_purple_smoke
D:5:      layout_gridville, grunt_ministairs_11, lightli_corner_chamber,
          uniq_blork_the_orc, uniq_edmund
D:6:      layout_loops_ring, chequers_ossuary_entry_cave, serial_shops, shop,
          serial_bayou_lagoon_b
D:7:      layout_basic
D:8:      kennysheep_blocky_hall, layout_cave_pools, enter_bailey_4,
          uniq_maurice, uniq_grum, uniq_joseph
Temple:   mainiacjoe_temple_big_plus
Bailey:   bailey_axe_3, bailey

Skill      XL: |  1  2  3  4  5  6  7  8  9 10 |
---------------+-------------------------------+-----
Stealth        | 6 7 8 10 | 10.4
Short Blades   | 3 4 5 6 |  6.3
Throwing       | 3 4 5 6 |  6.5
Spellcasting   | 1 |  1.0
Invocations    | 1 2 3 4 5 6 |  6.1
Conjurations   | 1 2 3 |  3.0
Hexes          | 1 2 3 4 5 |  5.3
Shields        | 2 3 4 |  4.0
Evocations     | 2 3 |  3.6
Fighting       | |  2.0
Dodging        | |  1.0

Action                     |  1- 3 |  4- 6 |  7- 9 | 10-12 || total
---------------------------+-------+-------+-------+-------++-------
  Melee: Dagger            |    55 |    50 |   146 |    75 ||   326
         Constrict         |     7 |    11 |    17 |    15 ||    50
         Tentacles         |     7 |     9 |    25 |    14 ||    55
         Punch             |     1 |       |     2 |       ||     3
  Throw: Dart              |       |     7 |    13 |       ||    20
   Cast: Dazzling Flash    |       |       |    11 |     5 ||    16
    Use: Scroll            |       |     5 |     6 |       ||    11
         Potion            |       |       |     4 |     2 ||     6
   Stab: Sleeping          |    31 |    21 |    35 |     8 ||    95
         Invisible         |       |       |     5 |     2 ||     7
         Distracted        |       |       |     1 |     1 ||     2
 Armour: Skin              |     3 |       |     5 |       ||     8
  Dodge: Dodged            |    13 |    12 |    75 |    65 ||   165
  Block: Buckler           |       |       |    17 |    24 ||    41

Table legend: (Time is in decaauts)
 A = Elapsed time spent in this place.
 B = Non-inter-level travel time spent in this place.
 C = Inter-level travel time spent in this place.
 D = Time resting spent in this place.
 E = Time spent auto-exploring this place.
 F = Levels seen in this place.
 G = Mean time per level.
                   A        B        C        D        E       F      G
               +--------+--------+--------+--------+--------+-----+--------+
         Total |   6472 |   6139 |    333 |    584 |   3921 |  11 |  588.4 |
       Dungeon |   5891 |   5613 |    278 |    396 |   3782 |   8 |  736.4 |
        Temple |    209 |    154 |     55 |      0 |    107 |   1 |  209.0 |
       Ossuary |    285 |    285 |      0 |    135 |     32 |   1 |  285.0 |
        Bailey |     85 |     85 |      0 |     53 |      0 |   1 |   85.0 |
               +--------+--------+--------+--------+--------+-----+--------+

Top non-repeatable levels by time:
     D:5: 1081 daAuts
     D:7: 993 daAuts
     D:1: 777 daAuts
     D:2: 762 daAuts
     D:6: 734 daAuts
     D:4: 666 daAuts
     D:3: 548 daAuts
     D:8: 327 daAuts
 Ossuary: 285 daAuts
  Temple: 209 daAuts
  Bailey: 85 daAuts
